 Dungeon Crawl Stone Soup version 0.24.0-123-gd5b16e6ec5 (webtiles) character file.

Game seed: 14114183645657821539, levelgen mode: deterministic

1011 LJ1996 the Shield-Bearer (level 8, -6/48 HPs)
             Began as a Gargoyle Fighter on Jan 8, 2020.
             Was a Follower of Okawaru.
             Mangled by an orc warrior
             ... wielding a +0 war axe
              (8 damage)
             ... on level 6 of the Dungeon.
             The game lasted 00:19:47 (5257 turns).

LJ1996 the Shield-Bearer (Gargoyle Fighter)         Turns: 5257, Time: 00:19:47

Health: -6/48      AC: 14    Str: 26    XL:     8   Next: 21%
Magic:  8/8        EV: 14    Int: 10    God:    Okawaru [*.....]
Gold:   393        SH: 10    Dex:  9    Spells: 7/7 levels left

rFire    . . .     SeeInvis .   a - +0 flail
rCold    . . .     Gourm    .   c - +0 shield
rNeg     + . .     Faith    .   b - +0 scale mail
rPois    ∞         Spirit   .   (no helmet)
rElec    +         Reflect  .   (no cloak)
rCorr    +         Harm     .   k - +0 pair of gloves
MR       .....                  (no boots)
Stlth    +.........             (no amulet)
HPRegen  0.16/turn              i - +5 ring of evasion
MPRegen  0.11/turn              g - ring of resist corrosion

@: mighty
A: negative energy resistance 1, electricity resistance, unbreathing,
petrification resistance, rot immunity, AC +5
a: Heroism, Renounce Religion


You were on level 6 of the Dungeon.
You worshipped Okawaru.
Okawaru was aware of your devotion.
You were not hungry.

You visited 1 branch of the dungeon, and saw 6 of its levels.

You collected 393 gold pieces.

Inventory:

Hand Weapons
 a - a +0 flail (weapon)
Armour
 b - a +0 scale mail (worn)
 c - a +0 shield (worn)
 k - a +0 pair of gloves (worn)
Jewellery
 g - a ring of resist corrosion (right hand)
 i - a +5 ring of evasion (left hand)
 p - an uncursed ring of magical power
Wands
 y - a wand of iceblast (10)
Scrolls
 h - a scroll of enchant armour
 j - a scroll of immolation {unknown}
 l - 3 scrolls of remove curse {unknown}
 m - 9 scrolls of identify
 q - a scroll of fear {unknown}
 r - 2 scrolls of teleportation {unknown}
 u - a scroll of blinking {unknown}
 v - a scroll of fog {unknown}
Potions
 d - 2 potions of might
 e - 3 potions of lignification {unknown}
 n - 3 potions of curing {unknown}
 o - a potion of invisibility {unknown}
 s - a potion of magic {unknown}
 t - a potion of cancellation {unknown}
 w - a potion of heal wounds {unknown}
 x - a potion of mutation {unknown}
Comestibles
 f - 10 rations


   Skills:
 + Level 4.4 Fighting
 + Level 5.4 Maces & Flails
 + Level 4.6 Armour
 + Level 1.9 Dodging
 * Level 4.8 Stealth
 + Level 5.5 Shields


You had 7 spell levels left.
You didn't know any spells.
Your spell library was empty.

Dungeon Overview and Level Annotations

Branches:
Dungeon (6/15)             Temple (0/1) D:5

Altars:
Okawaru
Uskayaw
Wu Jian


Innate Abilities, Weirdness & Mutations

You are resistant to torment.
Your stone body is resilient. (AC +5)
You are immune to poison.
You resist negative energy. (rN+)
You are resistant to electric shocks. (rElec)
You can survive without breathing.
You are immune to petrification.
You are immune to rotting.


Message History

The worker ant misses you. You block the orc warrior's attack.
You thump the worker ant!
You kill the worker ant!
Okawaru accepts your kill. You block the jackal's attack.
The iguana barely misses you.
The crimson imp blinks!
The jackal misses you. The orc warrior misses you.
You closely miss something. Something hits you but does no damage.
The jackal bites you but does no damage.
The iguana barely misses you. Something hits you but does no damage.
You block the orc warrior's attack.
You thump something! The jackal barely misses you. Something barely misses you.
The iguana bites you.
* * * LOW HITPOINT WARNING * * *
The jackal bites you but does no damage.
Something hits you but does no damage.
You hit something. You block the orc warrior's attack.
The jackal barely misses you. You block the iguana's attack.
Something hits you but does no damage. You block the jackal's attack.
The orc warrior hits you with a +0 war axe!
You die...

.....##...#..........##..#.......
.......h.....l.##....##..........
......h..ho..o##...###...........
..........###5......###.....##>..
.........%###.h.....# #......###.
.........##........####....###...
..........##....#5..##..<.####...
.............5o##o....#..#..##...
...>........#lhh@†....÷..........
.........#..##h##l.....##....###.
........##...#^.#......##...## #.
. ##. #..........#.#... ##
#....#........#.#.... #
#..###.......##..##..## ...
...##.......#...###..# ...
..............##....# ....
..............#.....


You could see an orc warrior, a howler monkey, an iguana, a crimson imp, a
shadow imp, an orc, a leopard gecko and 2 jackals.

Vanquished Creatures
  An ogre (D:5)
  A centaur (D:6)
  A necrophage (D:5)
  A scorpion (D:6)
  2 crimson imps
  A bullfrog zombie (D:5)
  A bullfrog skeleton (D:6)
  2 orc priests (D:3)
  A hound (D:4)
  2 jellies (D:5)
  2 iguanas
  Natasha (thrice) (D:2)
  3 worker ants
  Robin (D:2)
  7 adders
  4 gnolls (D:2)
  2 oozes (D:1)
  3 worms (D:4)
  3 dart slugs
  2 leopard geckos
  14 orcs
  3 ball pythons
  8 bats
  6 giant cockroaches
  13 goblins
  9 hobgoblins
  3 jackals (D:6)
  5 kobolds
  A quokka (D:3)
  A frilled lizard (D:1)
  A jackal skeleton (D:6)
  2 leopard gecko skeletons
  A quokka skeleton (D:4)
  8 rats
118 creatures vanquished.

Notes
Turn   | Place    | Note
-------+----------+-------------------------------------------
     0 | D:1      | LJ1996 the Gargoyle Fighter began the quest for the Orb.
     0 | D:1      | Reached XP level 1. HP: 14/14 MP: 1/1
   137 | D:1      | Reached XP level 2. HP: 19/19 MP: 2/2
   308 | D:1      | Reached skill level 1 in Stealth
   392 | D:1      | Reached XP level 3. HP: 23/23 MP: 3/3
  1102 | D:2      | Noticed Natasha
  1105 | D:2      | Killed Natasha
  1105 | D:2      | Reached XP level 4. HP: 28/28 MP: 4/4
  1291 | D:2      | Noticed Natasha
  1305 | D:2      | Killed Natasha
  1381 | D:2      | Noticed Robin
  1401 | D:2      | Killed Robin
  1517 | D:2      | Reached XP level 5. HP: 33/33 MP: 5/5
  1954 | D:2      | Noticed Natasha
  1966 | D:2      | Killed Natasha
  2546 | D:3      | Reached skill level 1 in Dodging
  2617 | D:3      | Reached XP level 6. HP: 28/38 MP: 6/6
  3001 | D:4      | Found a hide-covered altar of Uskayaw.
  3487 | D:3      | Found an iron altar of Okawaru.
  3499 | D:3      | Became a worshipper of Warmaster Okawaru
  3766 | D:4      | Found an ornate altar of the Wu Jian Council.
  4138 | D:5      | Entered Level 5 of the Dungeon
  4167 | D:5      | Reached XP level 7. HP: 16/43 MP: 7/7
  4379 | D:5      | Found a staircase to the Ecumenical Temple.
  4541 | D:5      | Reached skill level 5 in Shields
  4682 | D:5      | Reached * piety under Okawaru
  4735 | D:5      | Reached skill level 5 in Maces & Flails
  4966 | D:6      | Reached XP level 8. HP: 46/48 MP: 8/8
  5256 | D:6      | HP: 2/48 [iguana (4)]
  5257 | D:6      | Mangled by an orc warrior

Levels and vault maps discovered:
D:1:      shiori_arrival_oz, layout_basic
D:2:      layout_loops_ring, kennysheep_nondescript, hangedman_glass_teeth,
          uniq_natasha, uniq_robin
D:3:      layout_basic, marbit_many_paths, first_ration
D:4:      layout_rooms, kennysheep_mini_moat, eat_drink_and_be_merry_uskayaw
D:5:      layout_basic, minmay_temple_entry_statues_pillars
D:6:      layout_cave_pools

Skill      XL: |  1  2  3  4  5  6  7 |
---------------+----------------------+-----
Stealth        | 1 2 3 4 |  4.8
Maces & Flails | 3 4 5 |  5.4
Armour         | 4 |  4.6
Shields        | 4 5 |  5.5
Dodging        | 1 |  1.9
Fighting       | 4 |  4.4

Action                   |  1- 3 |  4- 6 |  7- 9 || total
-------------------------+-------+-------+-------++-------
Melee: Flail             |    75 |   329 |   186 ||   590
  Use: Scroll            |     2 |     2 |       ||     4
       Potion            |       |       |     1 ||     1
  Eat: Ration            |       |     3 |       ||     3
       Chunk             |       |     3 |     2 ||     5
Armor: Scale mail        |    43 |   161 |   102 ||   306
Dodge: Dodged            |    28 |   283 |   151 ||   462
Block: Shield            |    44 |   227 |   162 ||   433
